 Dungeon Crawl Stone Soup version 0.23.0 (webtiles) character file.

Game seed: 1648284242044091952

191846 Infinimo the Scorcher (level 18, -1/161 HPs)
             Began as a Hill Orc Fire Elementalist on Feb 17, 2019.
             Was a High Priest of Vehumet.
             Slain by a large abomination (28 damage)
             ... on level 2 of the Abyss.
             The game lasted 01:26:28 (56144 turns).

Infinimo the Scorcher (Hill Orc Fire Elementalist) Turns: 56144, Time: 01:26:29

Health: -1/161     AC:  9    Str: 13    XL:     18   Next: 21%
Magic:  31/32      EV: 11    Int: 21    God:    Vehumet [*****.]
Gold:   3031       SH: 11    Dex: 14    Spells: 15/37 levels left

rFire    + + +     SeeInvis +   u - staff of fire
rCold    + + .     Gourm    .   L - +0 shield
rNeg     . . .     Faith    .   P - +2 robe {rC+ rF+}
rPois    .         Spirit   .   d - +2 hat of the Peasants {+Fly rElec rF+ SInv}
rElec    +         Reflect  .   o - scarf {repulsion}
rCorr    .         Harm     .   (no gloves)
MR       +....                  p - +2 pair of boots "Qiatored" {rF+ Dex+3}
Stlth    ++........             B - amulet of magic regeneration
HPRegen  0.36/turn              I - ring of protection from cold
MPRegen  0.48/turn              F - ring of wizardry

@: about to teleport, repel missiles
A: no striking features
}: 1/15 runes: barnacled
a: Renounce Religion, Evoke Flight


You were on level 2 of the Abyss.
You worshipped Vehumet.
Vehumet was extremely pleased with you.
You were hungry.

You visited 5 branches of the dungeon, and saw 28 of its levels.
You visited the Abyss 1 time.
You also visited: Bailey and Ice Cave.

You collected 3155 gold pieces.
You spent 124 gold pieces at shops.

Inventory:

Hand Weapons
 f - a +2 whip of freezing
Armour
 d - the +2 hat of the Peasants (worn) {+Fly rElec rF+ SInv}
   (You acquired it on level 2 of the Shoals)

   It protects you from fire.
   It insulates you from electricity.
   It lets you see invisible.
   It lets you fly.
 o - a scarf of repulsion (worn)
 p - the +2 pair of boots "Qiatored" (worn) {rF+ Dex+3}
   (You found it on level 3 of the Shoals)

   It affects your dexterity (+3).
   It protects you from fire.
 q - a scarf of resistance
 L - a +0 shield (worn)
 P - a +2 robe of resistance (worn)
Magical Staves
 u - an uncursed staff of fire (weapon)
Jewellery
 B - an amulet of magic regeneration (around neck)
 F - a ring of wizardry (right hand)
 I - a ring of protection from cold (left hand)
Wands
 j - a wand of acid (14)
 v - a wand of iceblast (50)
 C - a wand of clouds (5)
 D - a wand of disintegration (46)
 K - a wand of digging (13)
Scrolls
 e - 8 scrolls of enchant armour
 h - 6 scrolls of remove curse
 l - 6 scrolls of teleportation
 r - 18 scrolls of identify
 s - 5 scrolls of blinking
 t - 4 scrolls of amnesia
 x - 2 scrolls of fear
 y - a scroll of noise {unknown}
 z - 5 scrolls of enchant weapon
 H - 2 scrolls of fog
 Q - a scroll of silence
Potions
 a - 6 potions of haste
 b - 3 potions of berserk rage
 g - 7 potions of lignification
 i - 2 potions of agility
 k - 12 potions of curing
 m - 5 potions of invisibility
 n - a potion of cancellation
 w - 5 potions of ambrosia
 A - 4 potions of degeneration
 E - 6 potions of magic
 J - 3 potions of might
 N - 4 potions of mutation
 O - a potion of flight
Comestibles
 c - 20 rations


   Skills:
 + Level 14.6 Fighting
 - Level 1.5 Dodging
 - Level 1.5 Stealth
 * Level 10.5 Shields
 + Level 10.1 Spellcasting
 + Level 15.7 Conjurations
 + Level 17.2 Fire Magic
 + Level 7.6 Earth Magic


You had 15 spell levels left.
You knew the following spells:

 Your Spells              Type           Power        Failure   Level  Hunger
a - Flame Tongue          Conj/Fire      #####        0%          1    None
b - Conjure Flame         Conj/Fire      #######.     1%          3    None
c - Sticky Flame          Conj/Fire      #######.     1%          4    ##.....
d - Fireball              Conj/Fire      #######...   1%          5    ####...
e - Stone Arrow           Conj/Erth      ######       1%          3    None
f - Bolt of Fire          Conj/Fire      #######...   1%          6    ######.

Your spell library contained the following spells:

 Spells                   Type           Power        Failure   Level  Hunger
 Iron Shot                Conj/Erth      ######....   1%          6    ######.
 Throw Flame              Conj/Fire      ######       0%          2    None
 Shock                    Conj/Air       ####         1%          1    None
 Inner Flame              Hex/Fire       ######..     1%          3    None
 Static Discharge         Conj/Air       #####...     1%          3    None
 Lightning Bolt           Conj/Air       #####.....   1%          5    ####...
 Animate Skeleton         Necr           N/A          4%          1    None
 Apportation              Tloc           ##....       4%          1    None
 Confusing Touch          Hex            ##....       4%          1    None
 Summon Butterflies       Summ           ##......     4%          1    None
 Summon Small Mammal      Summ           ##..         4%          1    None
 Shroud of Golubria       Chrm/Tloc      ##........   7%          2    None
 Swiftness                Chrm/Air       ##......     7%          2    None
 Airstrike                Air            ##........   12%         4    ##.....
 Call Canine Familiar     Summ           ##......     13%         3    None
 Lesser Beckoning         Tloc           ##........   13%         3    None
 Regeneration             Chrm/Necr      ##........   13%         3    None
 Tukima's Dance           Hex            ##......     13%         3    None
 Yara's Violent Unravell  Hex/Tmut       ##........   30%         5    ####...
 Cause Fear               Hex            ##........   38%         4    ##.....
 Summon Ice Beast         Ice/Summ       ##......     38%         4    ##.....
 Alistair's Intoxication  Tmut/Pois      ##......     73%         5    ####...
 Excruciating Wounds      Chrm/Necr      ##........   73%         5    ####...
 Silence                  Hex/Air        ##........   73%         5    ####...
 Summon Mana Viper        Hex/Summ       ##......     73%         5    ####...
 Deflect Missiles         Chrm/Air       ##........   99%         6    ######.
 Invisibility             Hex            ##......     99%         6    ######.
 Summon Hydra             Summ           ##........   100%        7    #######
 Discord                  Hex            ##........   100%        8    #######


Dungeon Overview and Level Annotations

Branches:
Dungeon (15/15)            Temple (1/1) D:4            Lair (6/6) D:11
 Shoals (4/4) Lair:4        Snake (0/4) Lair:4        Slime (0/5) Lair:6
    Orc (2/2) D:10            Elf (0/3) Orc:2        Vaults (0/5) D:13
 Depths (0/5) D:15

Altars:
Ashenzari
Cheibriados
Dithmenos
Elyvilon
Fedhas
Gozag
Hepliaklqana
Kikubaaqudgha
Makhleb
Okawaru
Qazlal
Ru
Sif Muna
Trog
Uskayaw
Vehumet
Wu Jian
Xom
Yredelemnul
Zin
The Shining One
Beogh
Jiyva

Shops:
D:4 *   D:8 [   D:12 :   D:13 }   Orc:2 =!(:


Message History

You feel the power of the Abyss delaying your translocation!
The large abomination hits you!!
* * * LOW HITPOINT WARNING * * *
The golden eye blinks at you.
You are confused.
The iron imp grins evilly.
The golden eye blinks!
The starcursed mass shrieks in your mind.
* * * LOW HITPOINT WARNING * * *
The starcursed mass shrieks in your mind.
* * * LOW HITPOINT WARNING * * *
You bump into the metal wall.
You feel better.
You block the large abomination's attack.
The golden eye blinks at you. You resist with almost no effort.
A small abomination comes into view.
You block the large abomination's attack.
The large abomination hits you!!
You die...

##.X#.# ##.. #...###.
. #.# #...# ##
...#..Xx .### ### ###
.#...#.. ## ## ..##..
#.#....X#X..#.#§#.....
#.#%## 5##. .###§.x.#
........5.#.#.#.....#
. .. G..##GxXX#@..#
#... ..##.#.##X#.##..#
.. . ?.#.#..##X.....#
.
.....#§..#.x..#..#..#
......#......#..### #
#.#..##.#.#..# ###..
.#....#.# #..# § ....#
# #.# . #...


You could see a large abomination and a small abomination.

Vanquished Creatures
  5 krakens
  A frost giant (IceCv)
  A very ugly thing (Abyss:2)
  2 merfolk javelineers (Shoals:4)
  A fire dragon (Lair:6)
  A yaktaur captain (D:15)
  8 merfolk impalers
  Erolcha (D:9)
  Josephine (D:9)
  Fannar (Lair:1)
  A rakshasa (D:15)
  5 hydras
  A merfolk avatar (Shoals:4)
  4 merfolk aquamancers (Shoals:4)
  A catoblepas (Lair:6)
  4 centaur warriors
  A satyr (Shoals:3)
  6 death yaks
  An ogre mage (D:15)
  2 tengu warriors
  6 orc high priests (Orc:2)
  A thrashing horror (Abyss:2)
  6 two-headed ogres
  Sonja (Lair:3)
  Nergalle (Lair:2)
  7 sea snakes
  An unseen horror (D:15)
  2 wizards
  A lindwurm (Lair:6)
  2 orc knights
  A wolf spider zombie (D:15)
  7 harpies
  4 orc sorcerers
  8 manticores
  14 ugly things
  13 fauns
  4 deep elf magi
  3 cyclopes
  10 elephants
  An ice statue (IceCv)
  3 black mambas (Lair:6)
  5 merfolk sirens
  4 centaur zombies
  2 molten gargoyles (Lair:6)
  A torpor snail (Lair:4)
  A water nymph (Shoals:3)
  11 spiny frogs
  4 gargoyles
  2 centaur skeletons
  A yaktaur (D:15)
  8 komodo dragons
  2 efreet
  24 polar bears
  18 merfolk
  5 trolls
  2 slime creatures (D:12)
  2 hornets
  7 wind drakes
  A raiju (Abyss:2)
  19 dream sheep
  14 hippogriffs
  8 blink frogs
  9 snapping turtles
  5 wyverns
  89 yaks
  3 water elementals
  5 basilisks
  3 wraiths (D:10)
  2 large abominations (Abyss:2)
  3 steam dragons
  2 vampire mosquitoes (D:12)
  3 hungry ghosts
  8 wargs
  The ghost of Toogi the Conjurer, an amateur KoCj (D:3)
  6 water moccasins
  3 acid dragons
  2 soldier ants
  5 hell hounds
  8 porcupines
  2 sky beasts
  2 phantoms
  18 orc warriors
  A black bear (D:7)
  A hornet zombie (D:15)
  An ice beast (D:15)
  12 ogres
  2 eyes of draining
  6 necrophages
  26 wolves
  14 centaurs
  18 crocodiles
  10 bullfrogs
  2 big kobolds
  6 scorpions
  5 wights
  16 killer bees
  5 howler monkeys
  An electric eel (Lair:5)
  4 crimson imps
  5 lava snakes (Lair:6)
  4 bullfrog zombies
  3 quasits
  33 orc priests
  8 hounds
  5 jellies
  An iron imp (Abyss:2)
  17 orc wizards
  6 iguanas
  10 worker ants
  A hound zombie (D:6)
  2 mummies (D:12)
  Robin (D:2)
  17 gnolls
  A worker ant zombie (D:9)
  12 adders
  6 river rats (D:5)
  2 shadow imps
  12 white imps
  2 oozes
  2 adder zombies
  5 adder skeletons
  5 worms
  2 dart slugs
  3 leopard geckos
  102 orcs
  A ball python (D:3)
  10 bats
  7 giant cockroaches
  17 goblins
  25 hobgoblins
  8 jackals
  6 quokkas
  8 frilled lizards
  A jackal skeleton (D:8)
  2 jackal zombies (D:6)
  20 kobolds
  14 rats
  6 tentacles (Shoals:3)
986 creatures vanquished.

Vanquished Creatures (others)
  A polar bear (IceCv)
  2 wolves (IceCv)
  3 bushes (Lair:6)
  22 fungi
  23 plants
  69 tentacles
120 creatures vanquished.

Grand Total: 1106 creatures vanquished

Notes
Turn   | Place    | Note
-------+----------+-------------------------------------------
     0 | D:1      | Infinimo the Hill Orc Fire Elementalist began the quest for
                  | the Orb.
     0 | D:1      | Reached XP level 1. HP: 14/14 MP: 3/3
   169 | D:1      | Reached XP level 2. HP: 22/22 MP: 1/4
   607 | D:1      | Reached skill level 1 in Fighting
   777 | D:1      | Reached XP level 3. HP: 28/28 MP: 2/5
   971 | D:2      | Reached skill level 4 in Fire Magic
  1057 | D:2      | Reached XP level 4. HP: 14/35 MP: 0/6
  1994 | D:2      | Noticed Robin
  1999 | D:2      | Killed Robin
  2262 | D:2      | Reached XP level 5. HP: 28/41 MP: 1/8
  3113 | D:3      | Noticed an ogre
  3121 | D:3      | Killed an ogre
  3121 | D:3      | Reached skill level 5 in Fire Magic
  3121 | D:3      | Reached XP level 6. HP: 18/50 MP: 2/9
  3351 | D:3      | Found a runed translucent door.
  3351 | D:3      | Noticed Toogi's ghost (amateur KoCj)
  3450 | D:3      | Killed Toogi's ghost
  4171 | D:3      | Learned a level 3 spell: Conjure Flame
  4176 | D:3      | Learned a level 4 spell: Sticky Flame
  4332 | D:4      | Reached XP level 7. HP: 54/57 MP: 5/10
  4462 | D:4      | Found a staircase to the Ecumenical Temple.
  4506 | Temple   | Entered the Ecumenical Temple
  4850 | D:4      | Reached skill level 6 in Fire Magic
  5425 | D:4      | Found Ocrukhok's General Store.
  5541 | D:5      | Entered Level 5 of the Dungeon
  5730 | D:5      | Reached skill level 5 in Conjurations
  5730 | D:5      | Reached XP level 8. HP: 37/66 MP: 8/12
  6223 | D:5      | Reached skill level 7 in Fire Magic
  7013 | D:6      | Found an ancient bone altar of Kikubaaqudgha.
  7014 | D:6      | Found a radiant altar of Vehumet.
  7615 | D:6      | Became a worshipper of Vehumet
  7639 | D:7      | Found a shadowy altar of Dithmenos.
  7712 | D:7      | Found a hide-covered altar of Uskayaw.
  7714 | D:7      | Found a stormy altar of Qazlal.
  7907 | D:7      | Found a sacrificial altar of Ru.
  7939 | D:7      | Reached skill level 5 in Fighting
  7939 | D:7      | Reached XP level 9. HP: 74/74 MP: 10/14
  8179 | D:7      | Reached skill level 8 in Fire Magic
  9366 | D:7      | Found a burning altar of Makhleb.
  9367 | D:7      | Found a shimmering altar of Xom.
 10185 | D:8      | Found Pes Buorph's Antique Armour Shop.
 10193 | D:8      | Bought a runed robe for 59 gold pieces
 10327 | D:8      | Reached skill level 9 in Fire Magic
 10393 | D:8      | Reached * piety under Vehumet
 10393 | D:8      | Offered knowledge of Freeze by Vehumet.
 11217 | D:8      | Identified a scroll of acquirement
 11383 | D:9      | Reached XP level 10. HP: 84/84 MP: 11/16
 11807 | D:9      | Noticed a centaur warrior
 11817 | D:9      | Killed a centaur warrior
 11817 | D:9      | Reached skill level 10 in Fire Magic
 12211 | D:9      | Learned a level 5 spell: Fireball
 12374 | D:9      | Noticed Erolcha
 12383 | D:9      | Killed Erolcha
 12383 | D:9      | Reached skill level 5 in Spellcasting
 12830 | D:10     | Entered Level 10 of the Dungeon
 12831 | D:10     | Noticed Josephine
 12978 | D:9      | Killed Josephine
 12991 | D:9      | HP: 2/86 [wraith[Josephine] (10)]
 13635 | D:10     | Reached XP level 11. HP: 83/93 MP: 2/18
 13758 | D:10     | Reached skill level 11 in Fire Magic
 14215 | D:10     | Reached skill level 10 in Conjurations
 14313 | D:10     | Reached ** piety under Vehumet
 14313 | D:10     | Offered knowledge of Throw Frost by Vehumet.
 15322 | D:10     | Found a staircase to the Orcish Mines.
 15418 | D:11     | Noticed a death yak
 15418 | D:11     | Noticed a death yak
 15420 | D:11     | Noticed a death yak
 15484 | D:10     | Killed a death yak
 15504 | D:10     | Killed a death yak
 15746 | D:11     | Found a basalt altar of Yredelemnul.
 15807 | D:11     | Found an opulent altar of Gozag.
 16008 | D:11     | Noticed a death yak
 16009 | D:11     | Found a staircase to the Lair.
 16009 | D:11     | Noticed a death yak
 16031 | D:11     | Killed a death yak
 16047 | D:11     | Killed a death yak
 16047 | D:11     | Reached skill level 12 in Fire Magic
 16322 | D:11     | Noticed a death yak
 16346 | D:11     | Killed a death yak
 16380 | D:11     | Killed a death yak
 16380 | D:11     | Reached XP level 12. HP: 89/104 MP: 11/21
 17326 | D:11     | Noticed a two-headed ogre
 17346 | D:11     | Killed a two-headed ogre
 17534 | Lair:1   | Entered Level 1 of the Lair of Beasts
 18042 | Lair:1   | Offered knowledge of Ignite Poison by Vehumet.
 18231 | Lair:1   | Noticed Fannar
 18242 | Lair:1   | Killed Fannar
 19431 | Lair:2   | Reached skill level 13 in Fire Magic
 19712 | Lair:2   | Noticed Nergalle
 19734 | Lair:2   | Killed Nergalle
 19734 | Lair:2   | Reached skill level 10 in Fighting
 19865 | Lair:2   | Reached *** piety under Vehumet
 20900 | Lair:3   | Noticed Sonja
 21458 | Lair:3   | Offered knowledge of Stone Arrow by Vehumet.
 21459 | Lair:3   | Reached XP level 13. HP: 96/113 MP: 19/23
 21485 | Lair:3   | Learned a level 3 spell: Stone Arrow
 22386 | Lair:3   | Killed Sonja
 23462 | Lair:4   | Found a staircase to the Snake Pit.
 23642 | Lair:4   | Reached skill level 14 in Fire Magic
 23889 | Lair:4   | Found a staircase to the Shoals.
 24596 | Lair:5   | Reached **** piety under Vehumet
 24710 | Lair:5   | Offered knowledge of Static Discharge by Vehumet.
 26449 | Lair:6   | Entered Level 6 of the Lair of Beasts
 28542 | Lair:6   | Reached XP level 14. HP: 117/124 MP: 13/25
 28901 | Lair:6   | Reached skill level 15 in Fire Magic
 30538 | Lair:6   | Reached ***** piety under Vehumet
 30592 | Lair:5   | HP: 5/125 [hell hound (12)]
 30598 | Lair:5   | Offered knowledge of Bolt of Fire by Vehumet.
 30981 | Lair:5   | Learned a level 6 spell: Bolt of Fire
 31540 | Lair:6   | Found a staircase to the Slime Pits.
 31541 | Lair:6   | Found a viscous altar of Jiyva.
 32165 | Lair:6   | Found a large runed translucent door.
 32166 | Lair:6   | Found a large runed translucent door.
 34006 | D:12     | Reached skill level 1 in Earth Magic
 34241 | D:12     | Found Ziahyur's Book Emporium.
 36504 | D:13     | Reached XP level 15. HP: 134/134 MP: 16/27
 36506 | D:13     | Found a gate to the Vaults.
 37397 | D:13     | Found Wyug's Gadget Emporium.
 38003 | Orc:1    | Entered Level 1 of the Orcish Mines
 38068 | Orc:1    | Found a frozen archway.
 38182 | IceCv    | Entered an ice cave
 38343 | IceCv    | Reached skill level 1 in Shields
 38726 | IceCv    | Reached skill level 16 in Fire Magic
 39992 | IceCv    | Noticed a frost giant
 40024 | IceCv    | Killed a frost giant
 40437 | IceCv    | Identified the Papyrus of Creative Self-Knowledge
 40562 | Orc:1    | Reached ****** piety under Vehumet
 40568 | Orc:1    | Offered knowledge of Conjure Ball Lightning by Vehumet.
 41117 | Orc:2    | Entered Level 2 of the Orcish Mines
 41248 | Orc:2    | Found a burning altar of Makhleb.
 41411 | Orc:2    | Found a staircase to the Elven Halls.
 42885 | Orc:2    | Found a roughly hewn altar of Beogh.
 42946 | Orc:2    | Found Qivon's Weapon Shop.
 42946 | Orc:2    | Found Zuekamel's Book Shoppe.
 43043 | Orc:2    | Found Deika Ase's Jewellery Shop.
 43043 | Orc:2    | Found Gamoqu's Distillery.
 43056 | Orc:2    | Bought a potion of heal wounds for 65 gold pieces
 43491 | D:14     | Found a flagged portal.
 43527 | Bailey   | Entered a bailey
 43544 | Bailey   | Offered knowledge of Iskenderun's Battlesphere by Vehumet.
 43734 | Bailey   | Reached skill level 5 in Shields
 44479 | D:14     | Reached skill level 5 in Earth Magic
 44479 | D:14     | Reached XP level 16. HP: 133/144 MP: 29/29
 44551 | D:14     | Reached skill level 15 in Conjurations
 44738 | D:14     | Found a glowing silver altar of Zin.
 45260 | D:15     | Entered Level 15 of the Dungeon
 45646 | D:15     | Paralysed by a hornet for 3 turns
 45676 | D:15     | HP: 6/144 [something (4)]
 45681 | D:15     | Reached XP level 17. HP: 23/150 MP: 9/30
 46641 | D:15     | Found a staircase to the Depths.
 47459 | Shoals:1 | Entered Level 1 of the Shoals
 47471 | Shoals:1 | Offered knowledge of Poison Arrow by Vehumet.
 48630 | Shoals:1 | Identified the cursed +1 dagger of Fimbulwinter {freeze,
                  | rPois rN+ Str-5} (You found it on level 1 of the Shoals)
 49042 | Shoals:2 | Got a jewelled hat
 49043 | Shoals:2 | Identified the +2 hat of the Peasants {+Fly rElec rF+ SInv}
                  | (You acquired it on level 2 of the Shoals)
 49664 | Shoals:2 | Noticed a kraken
 50397 | Shoals:2 | Killed a kraken
 50936 | Shoals:3 | Noticed a kraken
 50937 | Shoals:3 | Noticed a kraken
 50941 | Shoals:3 | Killed a kraken
 51077 | Shoals:3 | Got a pair of smoking boots
 51088 | Shoals:3 | Identified the +2 pair of boots "Qiatored" {rF+ Dex+3} (You
                  | found it on level 3 of the Shoals)
 51123 | Shoals:3 | Killed a kraken
 51174 | Shoals:3 | Noticed a kraken
 51174 | Shoals:3 | Noticed a kraken
 51487 | Shoals:3 | Killed a kraken
 51775 | Shoals:3 | Killed a kraken
 52093 | Shoals:3 | Reached skill level 17 in Fire Magic
 52101 | Shoals:3 | HP: 5/152 [harpy (5)]
 52961 | Shoals:4 | Entered Level 4 of the Shoals
 53916 | Shoals:4 | Reached skill level 10 in Spellcasting
 54030 | Shoals:4 | Reached skill level 10 in Shields
 54201 | Shoals:4 | Got a barnacled rune of Zot
 54770 | Shoals:4 | Reached XP level 18. HP: 153/161 MP: 24/32
 55233 | Shoals:4 | Offered knowledge of Iron Shot by Vehumet.
 55962 | Shoals:4 | Cast into level 2 of the Abyss (merfolk impaler)
 56144 | Abyss:2  | Slain by a large abomination

Skill      XL: |  1  2  3  4  5  6  7  8  9 10 11 12 13 14 15 16 17 |
---------------+----------------------------------------------------+-----
Fighting       | 1 2 3 5 6 7 9 10 11 12 13 14 | 14.6
Conjurations   | 2 3 4 5 6 8 9 10 12 13 14 15 | 15.7
Fire Magic     | 4 5 6 7 9 10 12 13 14 15 16 17 | 17.2
Spellcasting   | 2 3 4 5 6 7 8 9 10 | 10.1
Earth Magic    | 2 5 7 |  7.6
Shields        | 6 7 10 | 10.5
Dodging        | |  1.5
Stealth        | |  1.5

Action                   |  1- 3 |  4- 6 |  7- 9 | 10-12 | 13-15 | 16-18 || total
-------------------------+-------+-------+-------+-------+-------+-------++-------
Melee: Unarmed           |     2 |       |       |       |       |       ||     2
       Whip              |    18 |    25 |   100 |       |       |       ||   143
       Staff             |       |       |       |     3 |    26 |    11 ||    40
 Cast: Flame Tongue      |    44 |   125 |   378 |   351 |    70 |       ||   968
       Conjure Flame     |       |       |     2 |     8 |     8 |       ||    18
       Sticky Flame      |       |       |       |    86 |   156 |    34 ||   276
       Stone Arrow       |       |       |       |       |   855 |   448 ||  1303
       Fireball          |       |       |       |       |    36 |    79 ||   115
  Use: Scroll            |       |     8 |    13 |     7 |     9 |    10 ||    47
       Potion            |       |       |       |     1 |     3 |    11 ||    15
  Eat: Chunk             |     1 |    10 |    21 |    22 |    53 |    25 ||   132
       Ration            |       |     1 |       |     6 |    12 |     9 ||    28
Armor: Robe              |     1 |    11 |    59 |    78 |   129 |    61 ||   339
Dodge: Dodged            |    26 |    48 |   149 |   209 |   346 |   125 ||   903
       Deflected         |       |       |       |       |       |     9 ||     9
Block: Shield            |       |       |       |       |    68 |   186 ||   254
